 Dungeon Crawl Stone Soup version 0.25.0-9-g26727b6 (webtiles) character file.

Game seed: 16323591071932691937

77 shmeve the Chopper (level 4, 0/41 HPs)
             Began as a Minotaur Berserker on June 21, 2020.
             Was a Follower of Trog.
             Succumbed to an adder's poison
             ... on level 2 of the Dungeon.
             The game lasted 00:02:33 (1007 turns).

shmeve the Chopper (Minotaur Berserker)             Turns: 1007, Time: 00:02:33

Health: 0/41       AC:  3    Str: 21    XL:     4   Next: 13%
Magic:  3/3        EV: 12    Int:  5    God:    Trog [*.....]
Gold:   70         SH:  0    Dex: 10    Spells: 3/3 levels left

rFire    . . .     SeeInvis .   a - +0 hand axe
rCold    . . .     Gourm    .   (no shield)
rNeg     . . .     Faith    .   b - +0 animal skin
rPois    .         Spirit   .   (helmet restricted)
rElec    .         Reflect  .   (no cloak)
rCorr    .         Harm     .   h - +0 pair of gloves
MR       .....                  (no boots)
Stlth    +.........             (no amulet)
HPRegen  0.13/turn              (no ring)
MPRegen  0.08/turn              (no ring)

@: mighty, lethally poisoned (0 -> -5), hasted, very quick
A: retaliatory headbutt, horns 2
a: Berserk, Renounce Religion


You were on level 2 of the Dungeon.
You worshipped Trog.
Trog was aware of your devotion.
You were not hungry.

You visited 1 branch of the dungeon, and saw 2 of its levels.

You collected 70 gold pieces.

Inventory:

Hand Weapons
 a - a +0 hand axe (weapon)
Armour
 b - a +0 animal skin (worn)
 h - a +0 pair of gloves (worn)
 o - a +0 buckler
Scrolls
 d - 2 scrolls of amnesia {unknown}
 j - 2 scrolls of identify {unknown}
 l - a scroll of noise {unknown}
 m - a scroll of fear {unknown}
 n - a scroll of teleportation {unknown}
Potions
 e - 2 potions of haste
 g - 2 potions of stabbing {unknown}
 k - a potion of curing {unknown}
Comestibles
 c - 5 rations
 i - 5 chunks of flesh


   Skills:
 - Level 4.4 Fighting
 - Level 4.4 Axes
 - Level 1.1 Throwing
 - Level 3.0 Armour
 - Level 2.6 Dodging
 + Level 0.5 Shields


You had 3 spell levels left.
You didn't know any spells.
Your spell library was empty.

Dungeon Overview and Level Annotations

Branches:
Dungeon (2/15)

Altars:
Trog


Innate Abilities, Weirdness & Mutations

You reflexively headbutt those who attack you in melee.
You have a pair of horns on your head.


Message History

You hit the adder. The hobgoblin misses you. The adder barely misses you.
Unknown command.
You closely miss the hobgoblin. Your headbutt misses the hobgoblin.
The hobgoblin is severely wounded.
You hit the adder but do no damage. The adder bites you.
* * * LOW HITPOINT WARNING * * *
The hobgoblin misses you. You furiously retaliate!
You headbutt the hobgoblin!
You kill the hobgoblin!
Trog accepts your kill.
It was a potion of haste.
You feel yourself speed up. The adder closely misses you.
The kobold hits you but does no damage. The goblin hits you with a +0 club.
* * * LOW HITPOINT WARNING * * *
The adder bites you.
* * * LOW HITPOINT WARNING * * *
You are lethally poisoned!
The adder poisons you!
It was a potion of might.
You feel very mighty all of a sudden.
You recover from your berserk rage.
You die...

#### ####### #....
##.....##.####
#.##........##.?.
......####.#.... .
#.##..###l...
##.##.#...K##.l...
......#.KSgK#gw..##..
##.#..##.@##g#####... #
#...#'###'#......
#.#.#..÷.##.##....
#.......)#.?.#..#
#####.###..##%##.(#
##.###.# ##..###..#
####...##.####.......####
+..................÷....+
####...##.####...#...####


You could see a worm, an adder, a leopard gecko, 3 goblins, 3 kobolds and a
frilled lizard.

Vanquished Creatures
  A hound (D:2)
  2 adders (D:2)
  A worm (D:2)
  A dart slug (D:2)
  2 leopard geckos
  3 bats
  A giant cockroach (D:2)
  4 goblins
  3 hobgoblins
  2 ball pythons (D:1)
  2 frilled lizards
  A kobold (D:1)
  2 rats
25 creatures vanquished.

Notes
Turn   | Place    | Note
-------+----------+-------------------------------------------
     0 | D:1      | shmeve the Minotaur Berserker began the quest for the Orb.
     0 | D:1      | Reached XP level 1. HP: 19/19 MP: 0/0
   213 | D:1      | Reached XP level 2. HP: 14/27 MP: 1/1
   746 | D:2      | Found a bloodstained altar of Trog.
   958 | D:2      | Reached skill level 1 in Throwing
   958 | D:2      | Reached XP level 3. HP: 33/33 MP: 2/2
   973 | D:2      | Reached XP level 4. HP: 27/41 MP: 3/3
  1006 | D:2      | HP: 1/41 [adder (2)]
  1007 | D:2      | Succumbed to an adder's poison

Illustrated notes

Levels and vault maps discovered:
D:1:      lightli_molten_gateway, layout_rooms, minmay_pentomino_v2
D:2:      layout_loops_corners, overflow_temple_1_default,
          minmay_joined_circles, uniq_crazy_yiuf_cottage

Skill      XL: |  1  2  3 |
---------------+----------+-----
Axes           | 4 |  4.4
Fighting       | 4 |  4.4
Throwing       | 1 |  1.1
Armour         | 3 |  3.0
Dodging        | |  2.6
Shields        | |  0.5

Action                   |  1- 3 |  4- 6 || total
-------------------------+-------+-------++-------
Melee: Hand axe          |    40 |     8 ||    48
       Headbutt          |     4 |     1 ||     5
Invok: Berserk           |     1 |       ||     1
  Use: Potion            |       |     2 ||     2
  Eat: Chunk             |       |     1 ||     1
Armor: Animal skin       |     8 |     2 ||    10
Dodge: Dodged            |    41 |     8 ||    49
